 Dungeon Crawl Stone Soup version 0.30.1-1-g62c8e00024 (webtiles) character file.

Game seed: 6426965688891162389

49 Patrick2011 the Poker (level 3, -2/28 HPs)
             Began as a Merfolk Gladiator on July 15, 2023.
             Slain by Terence
             ... wielding a +3 trident
              (8 damage)
             ... on level 2 of the Dungeon.
             The game lasted 00:44:42 (640 turns).

Patrick2011 the Poker (Merfolk Gladiator)            Turns: 640, Time: 00:44:42

Health: -2/28      AC: 11    Str: 16    XL:     3   Next: 75%
Magic:  3/3        EV: 10    Int:  7    God:
Gold:   26         SH:  0    Dex: 15    Spells: 2/2 levels left

rFire   . . .        a - +0 trident
rCold   + . .        (no shield)
rNeg    + . .        f - +0 pearl dragon scales
rPois   .            c - +0 helmet
rElec   .            (no cloak)
rCorr   +            (no gloves)
SInv    .            (no boots)
Will    .....        (no amulet) Stlth
                     g - ring of resist corrosion
HPRegen 0.24/turn    q - ring of protection from cold
MPRegen 0.08/turn

%: no passive effects
@: hasted, very quick
A: (nimble swimmer 2), mertail
a: no special abilities


You were on level 2 of the Dungeon.
You visited 1 branch of the dungeon, and saw 2 of its levels.

You collected 26 gold pieces.

Inventory:

Hand Weapons
 a - a +0 trident (weapon)
 h - a +0 hand axe
 n - a +2 dagger of draining
Missiles
 d - 3 throwing nets
 e - a javelin
 m - a stone (quivered)
Armour
 b - a +0 leather armour
 c - a +0 helmet (worn)
 f - +0 pearl dragon scales (worn)
Jewellery
 g - a ring of resist corrosion (left hand)
 q - a ring of protection from cold (right hand)
Scrolls
 i - a scroll of identify {unknown}
Potions
 k - a potion of resistance {unknown}
 o - a potion of cancellation {unknown}


   Skills:
 + Level 2.4 Fighting
 + Level 4.8 Polearms
 + Level 2.4 Throwing
 + Level 0.5 Armour
 + Level 4.5 Dodging


You had 2 spell levels left.
You didn't know any spells.
Your spell library was empty.

Dungeon Overview and Level Annotations

Branches:
Dungeon (2/15)

Altars:

Annotations:
D:2 Terence


Innate Abilities, Weirdness & Mutations

((You are very nimble when in or above water. (Stealth+, EV+, Speed+++)))
Your lower body shifts to a powerful aquatic tail in water.


Message History

The gnoll hits you but does no damage. Terence hits you but does no damage.
Annotate which branch? (. - D:2, ? - help, ! - show branch list)
Okay, then.
Reach: a) +0 trident
Press: ? - help, Dir - move target, f/p - gnoll
Aim: a gnoll, wielding a +0 spear (ally target, about 36% to evade your +0 trident)
You reach to attack!
You closely miss the gnoll.
Your giant cockroach bites Terence but does no damage.
Your ball python barely misses Terence.
Your ball python grabs Terence.
Your ball python constricts Terence.
The gnoll hits you from afar with a +0 spear.
* * * LOW HITPOINT WARNING * * *
Terence barely misses you.
Reach: a) +0 trident
Press: ? - help, Dir - move target, f/p - gnoll
Aim: a gnoll, wielding a +0 spear (ally target, about 36% to evade your +0 trident)
You reach to attack!
You barely miss the gnoll.
Your giant cockroach bites Terence but does no damage.
Your ball python bites Terence but does no damage.
Your ball python constricts Terence.
Your endoplasm freezes the gnoll.
The gnoll is frozen.
Reach: a) +0 trident
Press: ? - help, Dir - move target, f/p - gnoll
Aim: a gnoll, wielding a +0 spear (moderately wounded, ally target, about 36% to evade your +0 trident)
You reach to attack!
You closely miss the gnoll.
The gnoll is moderately wounded.
Your giant cockroach bites Terence.
The gnoll closely misses you. Terence hits you but does no damage.
Your ball python bites Terence.
Your ball python constricts Terence.
Reach: a) +0 trident
Press: ? - help, Dir - move target, f/p - gnoll
Aim: a gnoll, wielding a +0 spear (moderately wounded, ally target, about 36% to evade your +0 trident)
You reach to attack!
You hit the gnoll.
The gnoll is heavily wounded.
Your giant cockroach bites Terence.
Your endoplasm hits the gnoll.
Your ball python completely misses Terence.
Your ball python constricts Terence.
The gnoll barely misses you.
Terence hits you from afar with a +3 trident!
You die...

.### .... ##########... .#
#........... ... #.........#
.## ...# #.........# ..# .....
#....S....###..##
....###...@.@.J.......### #
#.......B..)g..##...... ..
.##.#.#......<.........#####..
.........................!.....
#.#.#...#......................
#...#.#######...............[
###.)...#####.##.............
####........)[##.............
#.........................##


You could see Terence (ally target), a gnoll (ally target), a friendly endoplasm
(summoned), a friendly giant cockroach (summoned) and a friendly ball python
(summoned).

Vanquished Creatures
  3 gnolls
  2 ball pythons (D:1)
  5 bats (D:1)
  An endoplasm (D:1)
  3 giant cockroaches (D:1)
  4 goblins
  A hobgoblin (D:1)
  A kobold (D:1)
  A rat (D:1)
21 creatures vanquished.

Notes
Turn   | Place    | Note
-------+----------+-------------------------------------------
     0 | D:1      | Patrick2011 the Merfolk Gladiator began the quest for the
                  | Orb.
     0 | D:1      | Reached XP level 1. HP: 16/16 MP: 1/1
   124 | D:1      | Found a faded altar of an unknown god.
   228 | D:1      | Reached XP level 2. HP: 22/22 MP: 2/2
   474 | D:1      | Reached XP level 3. HP: 15/28 MP: 3/3
   622 | D:2      | Noticed Terence
   640 | D:2      | Slain by Terence

Illustrated notes

Levels and vault maps discovered:
D:1:      heliophobic_arrival_ceremonial_halls, layout_basic,
          chequers_ecumenical_altar_grove, hangedman_decor_push, st_stairs_6
D:2:      layout_rooms, uniq_terence

Action                     || total
---------------------------++-------
  Melee: Trident           ||    85
  Throw: Stone             ||     9
    Use: Potion            ||     3
         Scroll            ||     1
 Armour: Leather armour    ||     8
         Pearl dragon scal ||    35
  Dodge: Dodged            ||    58
